 Dungeon Crawl Stone Soup version 0.31-a0-507-gbafd7f5274 (webtiles) character file.

Game seed: 12601963477048086185

0 spiderkeys the Ruffian (level 1, -30/13 HPs)
             Began as an Octopode Shapeshifter on Aug 9, 2023.
             Killed by an exploding goblin (43 damage)
             ... ignited by their inner flame
             ... on level 1 of the Dungeon.
             The game lasted 00:00:08 (66 turns).

spiderkeys the Ruffian (Octopode Shapeshifter)        Turns: 66, Time: 00:00:09

Health: -30/13     AC:  1    Str: 14    XL:     1   Next: 10%
Magic:  1/1        EV: 13    Int: 10    God:
Gold:   11         SH:  0    Dex: 12    Spells: 0/0 levels left

rFire   . .          .
                       - Unarmed
rCold   . . .        (no shield)
rNeg    . . .        (helmet currently unavailable)
rPois   .            (no amulet)
rElec   .            (no ring)
rCorr   .            (no ring)
SInv    .            (no ring)
Will    .....        (no ring)
Stlth   ++           (no ring)
HPRegen 0.22/turn    (no ring)
MPRegen 0.07/turn    (no ring)
                     (no ring)

%: no passive effects
@: beast-form
A: beast (slay +2), almost no armour, amphibious, 8 rings, camouflage 1,
gelatinous body 1, (nimble swimmer 1), tentacles
a: Begin Untransformation


You were on level 1 of the Dungeon.
You were a hulking beast.
You visited 1 branch of the dungeon, and saw 1 of its levels.

You collected 11 gold pieces.


Innate Abilities, Weirdness & Mutations

You are a hulking beast.
Your limbs bulge with bestial killing power. (Slay +2)
You cannot wear most types of armour.
You are amphibious.
You can wear up to eight rings at the same time.
Your skin changes colour to match your surroundings (Stealth+).
Your rubbery body absorbs attacks. (AC +1, EV +1)
((You are camouflaged when in or above water. (Stealth+)))
You have tentacles for arms and can constrict up to eight enemies at once.


   Skills:
 + Level 1.0 Fighting
 + Level 2.0 Dodging
 + Level 3.0 Unarmed Combat
 + Level 3.0 Shapeshifting


You couldn't memorise any spells.
You didn't know any spells.
Your spell library was empty.

Inventory:

Talismans
 b - a beast talisman (active)
 c - a flux talisman
Scrolls
 d - a scroll of enchant armour {unknown}
 e - a scroll of poison {unknown}
 f - 2 scrolls of immolation {!r!r}
Potions
 a - a potion of lignification {!q}

Dungeon Overview and Level Annotations

Branches:
Dungeon (1/15) Zot: 5933

Altars:

##.........##
#..♣..<..♣..#
#.........## #####
#####'##### #
##...######...######
#...................
#.[§§.......⌠.......
#.§○§...............
#.h§######...######
##'## ##>## # #..###
### ### ##...####
####..
###....#####†...#
####...#...####
###...### ##.#######
#........


There were no monsters in sight!


Message History

Options error: Missing colour in message_colour setting: 'that.*feels deathly cold' Options error: Missing colour in message_colour setting: 'and you must be Full or above to equip it' Options error: Missing colour in message_colour setting: 'but rights himself reflexively soon after' Options error: Missing colour in message_colour setting: 'before it is too late' Welcome, spiderkeys the Octopode Shapeshifter.
The incredible Orb of Zot lies far below, as if waiting for you to find it.
Press ? for a list of commands and other information.
Found a scroll labelled YHUTZIPNEGH.
Found a staircase leading out of the dungeon.
d - a scroll labelled YHUTZIPNEGH You open the door.
Found an escape hatch in the floor.
There is an open door here.
You now have 11 gold pieces.
e - a scroll labelled ILASHR VEOSTRUP No target in view!
f - 3 scrolls labelled VOBRAC XOMA
There is a fountain of clear blue water here.
You open the door.
There is an open door here.
A ball python comes into view.
The ball python hisses angrily.
You barely miss the ball python. You grab the ball python.
You squeeze the ball python.
You kill the ball python!
No target in view!
No target in view!
No target in view!
You see here a ball python corpse.
You open the door.
A goblin comes into view. It is wielding a +0 club.
As you read the scroll labelled VOBRAC XOMA, it crumbles to dust.
The creatures around you are filled with an inner flame!
It was a scroll of immolation.
There is an open door here.
The helpless goblin fails to defend itself.
You tentacle-slap the goblin.
Flame seeps out of the goblin.
You grab the goblin. You constrict the goblin.
The goblin explodes!
The fiery explosion engulfs you!!!
Ouch! That really hurt!
You die...

Action                     || total
---------------------------++-------
  Melee: Unarmed           ||     2
         Constrict         ||     2
         Tentacles         ||     1
    Use: Scroll            ||     1
   Stab: Sleeping          ||     1

Levels and vault maps discovered:
D:1:      minmay_arrival_split_and_join, layout_basic, grunt_decor_clamped,
          kennysheep_small_spiral, minmay_3d_cube

Notes
Turn   | Place    | Note
-------+----------+-------------------------------------------
     0 | D:1      | spiderkeys the Octopode Shapeshifter began the quest for
                  | the Orb.
     0 | D:1      | Reached XP level 1. HP: 13/13 MP: 1/1
     0 | D:1      | magus.rc [v1.11.6]
    66 | D:1      | Killed by an exploding goblin... ignited by their inner
                  | flame

Vanquished Creatures
  A ball python (D:1)
  A goblin (D:1)
2 creatures vanquished.

Table legend:
 A = Non-vault XP
 B = Vault XP
 C = Vault XP percentage of total XP
 D = Non-vault monster count
 E = Vault monster count
 F = Vault count percentage of total count
                 A         B        C        D         E       F
            +---------+---------+-------+---------+---------+-------
      Total |       2 |       0 |   0.0 |       2 |       0 |   0.0
            +---------+---------+-------+---------+---------+-------
        D:1 |       2 |       0 |   0.0 |       2 |       0 |   0.0
            +---------+---------+-------+---------+---------+-------

Action                     || total
---------------------------++-------
  Melee: Unarmed           ||     2
         Constrict         ||     2
         Tentacles         ||     1
    Use: Scroll            ||     1
   Stab: Sleeping          ||     1

Illustrated notes

Table legend:
 A = Kills in this place as a percentage of kills in the entire game.
 B = Kills by you in this place as a percentage of kills by you in the entire game.
 C = Kills by friends in this place as a percentage of kills by friends in the entire game.
 D = Other kills in this place as a percentage of other kills in the entire game.
 E = Experience gained in this place as a percentage of experience gained in the entire game.
 F = Experience gained in this place divided by the number of levels of this place that you have seen.
                   A       B       C       D       E      F
               +-------+-------+-------+-------+-------+----------------------
         Total | 100.0 | 100.0 |   N/A |   N/A | 100.0 |   2.0
       Dungeon | 100.0 | 100.0 |   N/A |   N/A | 100.0 |   2.0
               +-------+-------+-------+-------+-------+----------------------

Table legend: (Time is in decaauts)
 A = Elapsed time spent in this place.
 B = Non-inter-level travel time spent in this place.
 C = Inter-level travel time spent in this place.
 D = Time resting spent in this place.
 E = Time spent auto-exploring this place.
 F = Levels seen in this place.
 G = Mean time per level.
                   A        B        C        D        E       F      G
               +--------+--------+--------+--------+--------+-----+--------+
         Total |     66 |     66 |      0 |      0 |     54 |   1 |   66.0 |
       Dungeon |     66 |     66 |      0 |      0 |     54 |   1 |   66.0 |
               +--------+--------+--------+--------+--------+-----+--------+

Top non-repeatable levels by time:
     D:1: 66 daAuts
